[ AOE2 MATCH · #477957548 ]
Team RMMagyars vs Byzantines
[ REPLAY ANALYSIS · EXTRACTED FROM THE RECORDED GAME ]
Feudal
—
Castle
—
Imperial
—
| APM avg | 31.3 |
| APM peak | 51 |
| eAPM avg | 11.5 |
| Villagers / military | 27 / 0 |
Focus
⚔️ 5.7% · 🌾 94.3%
Feudal
—
Castle
—
Imperial
—
| APM avg | 17.0 |
| APM peak | 28 |
| eAPM avg | 9.1 |
| Villagers / military | 13 / 0 |
Focus
⚔️ 24.5% · 🌾 75.5%
Fishing Ship ×1
Feudal
—
Castle
—
Imperial
—
| APM avg | 32.5 |
| APM peak | 41 |
| eAPM avg | 13.2 |
| Villagers / military | 27 / 0 |
Focus
⚔️ 21.7% · 🌾 78.3%
Feudal
—
Castle
—
Imperial
—
| APM avg | 18.8 |
| APM peak | 48 |
| eAPM avg | 11.8 |
| Villagers / military | 17 / 0 |
Focus
⚔️ 26.1% · 🌾 73.9%
Feudal
—
Castle
—
Imperial
—
| APM avg | 35.1 |
| APM peak | 58 |
| eAPM avg | 12.8 |
| Villagers / military | 25 / 0 |
Focus
⚔️ 3.2% · 🌾 96.8%
Feudal
—
Castle
—
Imperial
—
| APM avg | 34.8 |
| APM peak | 63 |
| eAPM avg | 17.5 |
| Villagers / military | 21 / 0 |
Focus
⚔️ 20.0% · 🌾 80.0%
Feudal
—
Castle
—
Imperial
—
| APM avg | 10.6 |
| APM peak | 31 |
| eAPM avg | 6.9 |
| Villagers / military | 5 / 0 |
Focus
⚔️ 10.3% · 🌾 89.7%
Feudal
—
Castle
—
Imperial
—
| APM avg | 49.4 |
| APM peak | 69 |
| eAPM avg | 23.7 |
| Villagers / military | 39 / 0 |
Focus
⚔️ 22.7% · 🌾 77.3%
Match map
Initial resources + every placement click. Lines = walls · curves = elevation contours. ◆ gold · ⬟ stone · ● berries · ✦ relic · ◌ wall gap
Your base
123456789's base
ovuvuevuevue's base
Dacaar's base
Danny's base
BuLuTBeY's base
juanmicp's base
RC's base
Smoothed initial terrain · ◌ = detected wall gap · hover for details
Inputs per minute
— Mother - - 123456789
Build order — Mother
37 actions detected in the replay
| 0:01 | Create | Villager (Male) |
| 0:02 | Research | Loom |
| 0:02 | Create | Villager (Male) |
| 0:02 | Create | Villager (Male) |
| 0:02 | Create | Villager (Male) |
| 0:04 | Build | House |
| 0:05 | Build | House |
| 1:26 | Create | Villager (Male) |
| 1:26 | Create | Villager (Male) |
| 1:55 | Create | Villager (Male) |
| 2:12 | Create | Villager (Male) |
| 2:39 | Create | Villager (Male) |
| 2:54 | Create | Villager (Male) |
| 2:54 | Create | Villager (Male) |
| 3:10 | Build | House |
| 3:11 | Build | House |
| 3:11 | Build | House |
| 3:17 | Build | House |
| 3:24 | Create | Villager (Male) |
| 3:25 | Create | Villager (Male) |
| 3:43 | Create | Villager (Male) |
| 3:43 | Create | Villager (Male) |
| 4:05 | Create | Villager (Male) |
| 4:05 | Create | Villager (Male) |
| 4:46 | Create | Villager (Male) |
| 4:46 | Create | Villager (Male) |
| 4:49 | Create | Villager (Male) |
| 4:49 | Create | Villager (Male) |
| 5:11 | Build | Lumber Camp |
| 5:26 | Build | Dock |
| 5:29 | Create | Villager (Male) |
| 5:45 | Create | Villager (Male) |
| 5:45 | Create | Villager (Male) |
| 6:14 | Create | Villager (Male) |
| 6:28 | Build | Mill |
| 6:32 | Create | Villager (Male) |
| 6:32 | Create | Villager (Male) |
Build order — 123456789
16 actions detected in the replay
| 0:05 | Create | Villager (Male) |
| 0:08 | Build | House |
| 0:10 | Build | House |
| 0:28 | Create | Villager (Male) ×3 |
| 1:26 | Build | Dock |
| 1:45 | Create | Villager (Male) |
| 2:12 | Create | Villager (Male) |
| 2:54 | Create | Villager (Male) |
| 3:24 | Create | Villager (Male) |
| 3:25 | Create | Villager (Male) |
| 3:34 | Create | Villager (Male) |
| 3:47 | Create | Villager (Male) |
| 3:58 | Build | House |
| 4:12 | Create | Villager (Male) |
| 4:33 | Create | Villager (Male) |
| 4:41 | Create | Fishing Ship |
Build order — ovuvuevuevue
28 actions detected in the replay
| 0:01 | Create | Villager (Male) ×4 |
| 0:02 | Create | Villager (Male) ×4 |
| 0:04 | Build | House |
| 0:05 | Build | House |
| 1:46 | Create | Villager (Male) |
| 1:47 | Create | Villager (Male) |
| 1:51 | Create | Villager (Male) |
| 1:51 | Create | Villager (Male) |
| 2:20 | Create | Villager (Male) |
| 2:21 | Create | Villager (Male) |
| 2:38 | Create | Villager (Male) |
| 2:38 | Create | Villager (Male) |
| 2:44 | Build | Lumber Camp |
| 3:11 | Create | Villager (Male) |
| 3:11 | Create | Villager (Male) |
| 3:11 | Create | Villager (Male) |
| 3:49 | Create | Villager (Male) |
| 3:49 | Create | Villager (Male) |
| 4:10 | Create | Villager (Male) |
| 4:10 | Create | Villager (Male) |
| 4:29 | Build | House |
| 4:33 | Research | Loom |
| 4:33 | Create | Villager (Male) |
| 4:34 | Create | Villager (Male) |
| 5:08 | Create | Villager (Male) |
| 5:38 | Build | Mill |
| 6:04 | Create | Villager (Male) |
| 6:09 | Build | House |
Build order — Dacaar
32 actions detected in the replay
| 0:01 | Create | Villager (Male) |
| 0:03 | Build | House |
| 0:04 | Build | House |
| 0:22 | Create | Villager (Male) |
| 0:23 | Create | Villager (Male) |
| 0:23 | Create | Villager (Male) |
| 0:23 | Create | Villager (Male) |
| 0:32 | Build | House |
| 1:15 | Research | Loom |
| 1:26 | Build | Palisade Wall |
| 1:31 | Create | Villager (Male) |
| 1:31 | Create | Villager (Male) |
| 1:35 | Create | Villager (Male) |
| 1:35 | Create | Villager (Male) |
| 2:17 | Build | Palisade Gate |
| 2:19 | Build | Palisade Wall |
| 2:24 | Build | Palisade Wall |
| 2:24 | Build | Palisade Wall |
| 2:26 | Build | Palisade Wall |
| 2:26 | Build | Palisade Wall |
| 2:27 | Build | Palisade Wall |
| 2:28 | Build | Palisade Wall |
| 2:29 | Build | Palisade Wall |
| 2:30 | Build | Palisade Wall |
| 2:42 | Create | Villager (Male) |
| 2:42 | Create | Villager (Male) |
| 3:01 | Create | Villager (Male) |
| 3:01 | Create | Villager (Male) |
| 4:41 | Create | Villager (Male) |
| 4:41 | Create | Villager (Male) |
| 4:41 | Create | Villager (Male) |
| 4:42 | Create | Villager (Male) |
Build order — Danny
30 actions detected in the replay
| 0:01 | Create | Villager (Male) |
| 0:02 | Build | House |
| 0:04 | Build | House |
| 0:16 | Create | Villager (Male) |
| 0:17 | Create | Villager (Male) |
| 0:23 | Create | Villager (Male) |
| 1:27 | Create | Villager (Male) |
| 1:27 | Create | Villager (Male) |
| 2:10 | Create | Villager (Male) |
| 2:11 | Create | Villager (Male) |
| 2:25 | Build | Lumber Camp |
| 2:25 | Create | Villager (Male) |
| 2:26 | Create | Villager (Male) |
| 2:56 | Create | Villager (Male) |
| 2:57 | Create | Villager (Male) |
| 3:03 | Build | House |
| 3:16 | Create | Villager (Male) |
| 3:17 | Create | Villager (Male) |
| 3:56 | Create | Villager (Male) |
| 3:56 | Create | Villager (Male) |
| 4:14 | Create | Villager (Male) |
| 4:15 | Create | Villager (Male) |
| 4:24 | Create | Villager (Male) |
| 5:09 | Create | Villager (Male) |
| 5:31 | Create | Villager (Male) |
| 5:31 | Create | Villager (Male) |
| 6:24 | Build | Mill |
| 6:42 | Create | Villager (Male) |
| 6:42 | Create | Villager (Male) |
| 6:43 | Create | Villager (Male) |
Build order — BuLuTBeY
39 actions detected in the replay
| 0:00 | Create | Villager (Male) |
| 0:00 | Create | Villager (Male) |
| 0:01 | Create | Villager (Male) |
| 0:02 | Build | House |
| 0:04 | Build | House |
| 0:04 | Create | Villager (Male) |
| 0:04 | Create | Villager (Male) |
| 0:07 | Research | Loom |
| 0:07 | Create | Villager (Male) |
| 0:08 | Create | Villager (Male) |
| 0:08 | Create | Villager (Male) |
| 0:08 | Create | Villager (Male) |
| 0:40 | Build | House |
| 0:41 | Build | House |
| 1:27 | Build | House |
| 1:31 | Build | House |
| 1:34 | Build | House |
| 1:39 | Build | House |
| 1:57 | Build | Palisade Wall |
| 1:59 | Build | Palisade Wall |
| 2:17 | Create | Villager (Male) |
| 2:17 | Create | Villager (Male) |
| 3:29 | Create | Villager (Male) |
| 3:30 | Create | Villager (Male) |
| 4:07 | Build | Palisade Wall |
| 4:27 | Create | Villager (Male) |
| 4:27 | Create | Villager (Male) |
| 4:41 | Build | Palisade Wall |
| 4:43 | Build | Palisade Wall |
| 4:44 | Build | Palisade Wall |
| 4:46 | Build | Palisade Wall |
| 4:51 | Build | Palisade Wall |
| 4:53 | Build | Palisade Wall |
| 4:58 | Create | Villager (Male) |
| 4:58 | Create | Villager (Male) |
| 5:49 | Create | Villager (Male) |
| 5:50 | Create | Villager (Male) |
| 6:30 | Create | Villager (Male) |
| 6:31 | Create | Villager (Male) |
Build order — juanmicp
8 actions detected in the replay
| 0:07 | Create | Villager (Male) |
| 0:07 | Create | Villager (Male) |
| 0:08 | Create | Villager (Male) |
| 0:08 | Create | Villager (Male) |
| 0:08 | Create | Villager (Male) |
| 0:36 | Build | House |
| 0:37 | Build | House |
| 3:52 | Build | Town Center |
Build order — RC
53 actions detected in the replay
| 0:01 | Create | Villager (Male) |
| 0:01 | Create | Villager (Male) |
| 0:01 | Create | Villager (Male) |
| 0:02 | Create | Villager (Male) |
| 0:04 | Build | House |
| 0:06 | Build | House |
| 0:55 | Research | Loom |
| 0:55 | Research | Loom |
| 1:06 | Build | Palisade Wall |
| 1:35 | Create | Villager (Male) |
| 1:35 | Create | Villager (Male) |
| 1:36 | Create | Villager (Male) |
| 1:36 | Create | Villager (Male) |
| 2:24 | Create | Villager (Male) |
| 2:24 | Create | Villager (Male) |
| 2:25 | Create | Villager (Male) |
| 2:51 | Create | Villager (Male) |
| 2:52 | Create | Villager (Male) |
| 2:52 | Create | Villager (Male) |
| 3:15 | Build | Palisade Wall |
| 3:22 | Build | Palisade Wall |
| 3:26 | Create | Villager (Male) |
| 3:26 | Create | Villager (Male) |
| 3:26 | Create | Villager (Male) |
| 3:40 | Create | Villager (Male) |
| 3:40 | Create | Villager (Male) |
| 3:40 | Create | Villager (Male) |
| 4:07 | Build | Palisade Wall |
| 4:10 | Build | Palisade Wall |
| 4:14 | Build | Palisade Wall |
| 4:15 | Create | Villager (Male) |
| 4:15 | Create | Villager (Male) |
| 4:35 | Build | House |
| 4:49 | Create | Villager (Male) |
| 4:50 | Create | Villager (Male) |
| 5:01 | Build | Palisade Wall |
| 5:10 | Create | Villager (Male) |
| 5:10 | Create | Villager (Male) |
| 5:10 | Create | Villager (Male) |
| 5:23 | Build | Lumber Camp |
| 5:41 | Create | Villager (Male) |
| 5:41 | Create | Villager (Male) |
| 5:41 | Create | Villager (Male) |
| 5:59 | Build | Mill |
| 6:05 | Create | Villager (Male) |
| 6:05 | Create | Villager (Male) |
| 6:05 | Create | Villager (Male) |
| 6:09 | Create | Villager (Male) |
| 6:10 | Create | Villager (Male) |
| 6:10 | Create | Villager (Male) |
| 6:23 | Create | Villager (Male) |
| 6:23 | Create | Villager (Male) |
| 6:23 | Create | Villager (Male) |
Match timeline
| 1:06 | RC · wall_segment Palisade Wall x6 |
| 1:26 | Dacaar · wall_segment Palisade Wall x7 |
| 1:26 | 123456789 · first_building Dock |
| 1:57 | BuLuTBeY · wall_segment Palisade Wall x4 |
| 1:59 | BuLuTBeY · wall_segment Palisade Wall x3 |
| 2:19 | Dacaar · wall_segment Palisade Wall x1 |
| 2:24 | Dacaar · wall_segment Palisade Wall x1 |
| 2:24 | Dacaar · wall_segment Palisade Wall x1 |
| 2:26 | Dacaar · wall_segment Palisade Wall x1 |
| 2:26 | Dacaar · wall_segment Palisade Wall x1 |
| 2:27 | Dacaar · wall_segment Palisade Wall x1 |
| 2:28 | Dacaar · wall_segment Palisade Wall x1 |
| 2:29 | Dacaar · wall_segment Palisade Wall x1 |
| 2:30 | Dacaar · wall_segment Palisade Wall x1 |
| 3:15 | RC · wall_segment Palisade Wall x1 |
| 3:22 | RC · wall_segment Palisade Wall x1 |
| 4:07 | BuLuTBeY · wall_segment Palisade Wall x4 |
| 4:07 | RC · wall_segment Palisade Wall x3 |
| 4:10 | RC · wall_segment Palisade Wall x3 |
| 4:14 | RC · wall_segment Palisade Wall x3 |
| 4:41 | BuLuTBeY · wall_segment Palisade Wall x2 |
| 4:43 | BuLuTBeY · wall_segment Palisade Wall x1 |
| 4:44 | BuLuTBeY · wall_segment Palisade Wall x1 |
| 4:46 | BuLuTBeY · wall_segment Palisade Wall x3 |
| 4:51 | BuLuTBeY · wall_segment Palisade Wall x1 |
| 4:53 | BuLuTBeY · wall_segment Palisade Wall x1 |
| 5:01 | RC · wall_segment Palisade Wall x1 |
| 5:07 | juanmicp · resign |
| 5:26 | Mother · first_building Dock |
[ AI ANALYSIS · 1 CREDIT ]
What really happened in this match?
Wolo.gg analyzes every decision: build order, eco, micro, common mistakes by bracket. Personalized analysis on WhatsApp or Discord in 30 seconds.
Civ guide
Magyars
Map guide
Black Forest
Perfil
Jugador #1924621